 Dungeon Crawl Stone Soup version 0.29.0-4-gdea44cf6ec (webtiles) character file.

Game seed: 17144108438961924201

102 qw the Chopper (level 4, 0/28 HPs)
             Began as a Gargoyle Fighter on Sept 6, 2022.
             Slain by an orc wizard
             ... wielding a +0 dagger
              (3 damage)
             ... on level 3 of the Dungeon.
             The game lasted 00:00:53 (1953 turns).

qw the Chopper (Gargoyle Fighter)                   Turns: 1953, Time: 00:00:54

Health: 0/28       AC: 12    Str: 21    XL:     4   Next: 78%
Magic:  4/4        EV:  9    Int:  9    God:
Gold:   119        SH:  4    Dex:  9    Spells: 3/3 levels left

rFire   . . .      SeeInvis .   Y - +0 war axe (flame)
rCold   . . .      Faith    .   c - +0 buckler
rNeg    + . .      Spirit   .   b - +0 scale mail
rPois   inf        Reflect  .   k - +0 helmet
rElec   +          Harm     .   (no cloak)
rCorr   .          Rampage  .   (no gloves)
Will    .....                   f - +0 pair of boots
Stlth   ..........              (no amulet)
HPRegen 0.09/turn               (no ring)
MPRegen 0.09/turn               (no ring)

@: no status effects
A: sickness immunity, AC +3, negative energy resistance 1, electricity
resistance, torment resistance 1, petrification resistance
a: no special abilities


You were on level 3 of the Dungeon.
You visited 1 branch of the dungeon, and saw 3 of its levels.

You collected 119 gold pieces.


Innate Abilities, Weirdness & Mutations

You are immune to sickness and miasma.
Your stone body is resilient. (AC +3)
You are immune to poison.
You resist negative energy. (rN+)
You are resistant to electric shocks. (rElec)
You are resistant to unholy torment.
You are immune to petrification.


   Skills:
 - Level 3.2 Fighting
 + Level 4.4 Axes
 - Level 3.2 Armour
 - Level 3.2 Shields


You had 3 spell levels left.
You didn't know any spells.
Your spell library was empty.

Inventory:

Hand Weapons
 Y - a +0 war axe of flaming (weapon)
Missiles
 j - a boomerang (quivered)
Armour
 b - a +0 scale mail (worn)
 c - a +0 buckler (worn)
 f - a +0 pair of boots (worn)
 k - a +0 helmet (worn)
Scrolls
 a - 4 scrolls of identify
 g - a scroll of poison {unknown}
Potions
 d - a potion of might
 e - a potion of curing
 h - a potion of magic {unknown}

Dungeon Overview and Level Annotations

Branches:
Dungeon (3/15)

Altars:
Elyvilon
Xom


Message History

1940 ||| DRINKING 2 potions of curing.
You feel better.
1940 ||| (to cure confusion)
The orc wizard hits you but does no damage.
You hit the orc wizard. You burn the orc wizard.
The orc wizard is heavily wounded.
The orc wizard barely misses you.
You barely miss the orc wizard.
The orc wizard is heavily wounded.
The orc wizard mumbles some strange words.
The orc wizard flickers and vanishes!
Deactivating autopickup; reactivate with Ctrl-A.
You miss something. Something hits you but does no damage.
You miss something. Something hits you.
You hear some strange, mumbled words.
Something tries to affect you, but you resist.
You miss something.
You hear some strange, mumbled words.
A magic dart appears from out of thin air!
The magic dart hits you but does no damage.
You closely miss something. Something hits you but does no damage.
You miss something. Something completely misses you.
Something hits you but does no damage.
You miss something.
You hear some strange, mumbled words.
A magic dart appears from out of thin air!
The magic dart hits you.
You miss something. Something hits you.
You barely miss something. Something hits you. x2
You closely miss something. Something hits you.
You barely miss something. Something hits you but does no damage.
You hit something. You burn something. Something hits you.
You die...

.........)........%....#
####....#.##########.#.#
#...................#
.......##.#.#######.#.#
......<...#.# #.#.#
....##...###.# #.#.#
#### #.#.###.# #.#.#
###.......#######.#.#
.......)@)........#
..###.){)#####...# #.
#.#.)# ...........#
.##..##.#.## #. #.#.# #
#o#.. ...... .....#.


There were no monsters in sight!

Vanquished Creatures
  A hound (D:3)
  An adder (D:2)
  2 dart slugs (D:1)
  4 orcs (D:3)
  4 bats (D:1)
  4 endoplasms
  2 giant cockroaches (D:2)
  6 goblins
  4 hobgoblins
  5 kobolds
  3 quokkas
  9 ball pythons
  3 frilled lizards
  4 rats
52 creatures vanquished.

Vanquished Creatures (others)
  A fungus (D:1)
1 creature vanquished.

Grand Total: 53 creatures vanquished

Notes
Turn   | Place    | Note
-------+----------+-------------------------------------------
     0 | D:1      | qw the Gargoyle Fighter began the quest for the Orb.
     0 | D:1      | Reached XP level 1. HP: 14/14 MP: 1/1
     0 | D:1      | 0 ||| qw: Version: 0.1-a-107-g9ff403c
     0 | D:1      | 0 ||| qw: Game counter: 6066
     0 | D:1      | 0 ||| qw: Always use a shield: true
     0 | D:1      | 0 ||| qw: God list: Okawaru
     0 | D:1      | 0 ||| qw: Allow faded altars: false
     0 | D:1      | 0 ||| qw: Do Orc after D:15 true
     0 | D:1      | 0 ||| qw: Do second Lair branch before Depths: true
     0 | D:1      | 0 ||| qw: Lair rune preference: random
     0 | D:1      | 0 ||| qw: Plans: Normal, Zot, God:TSO, Crypt, Tomb, Zig,
                  | Orb
     0 | D:1      | 0 ||| PLANNING D:1-11
   101 | D:1      | Reached skill level 2 in Axes
   112 | D:1      | 112 ||| Stepping ~*~*~tactically~*~*~ (stealth).
   202 | D:1      | Reached XP level 2. HP: 16/19 MP: 2/2
   486 | D:1      | 486 ||| Stepping ~*~*~tactically~*~*~ (stealth).
   584 | D:1      | 584 ||| DROPPING +0 club.
   821 | D:1      | Reached skill level 3 in Axes
   890 | D:1      | Reached XP level 3. HP: 23/23 MP: 3/3
   899 | D:1      | Found a faded altar of an unknown god.
  1058 | D:1      | 1058 ||| UPGRADING to +0 pair of boots.
  1063 | D:1      | 1063 ||| READING scroll labelled ELUXOFFAMI.
  1064 | D:1      | 1064 ||| DROPPING +0 whip.
  1065 | D:1      | 1065 ||| READING scroll labelled KEFANK RELA.
  1066 | D:1      | 1066 ||| READING scroll labelled NUJEYTT ZUZIT.
  1118 | D:1      | 1118 ||| DRINKING 3 dark potions.
  1136 | D:2      | Found a shimmering altar of Xom.
  1160 | D:2      | 1160 ||| Stepping ~*~*~tactically~*~*~ (stealth).
  1618 | D:2      | 1618 ||| UPGRADING to +0 helmet.
  1623 | D:2      | 1623 ||| READING 3 scrolls labelled KEMPIH BIOX.
  1624 | D:2      | 1624 ||| READING scroll labelled ARIRCHIACUTH.
  1625 | D:2      | 1625 ||| READING 2 scrolls of identify.
  1625 | D:2      | 1625 ||| IDENTIFYING viscous black potion
  1626 | D:2      | 1626 ||| DROPPING potion of berserk rage.
  1664 | D:3      | 1664 ||| Stepping ~*~*~tactically~*~*~ (stealth).
  1668 | D:3      | 1668 ||| Stepping ~*~*~tactically~*~*~ (stealth).
  1670 | D:3      | 1670 ||| Stepping ~*~*~tactically~*~*~ (stealth).
  1674 | D:3      | 1674 ||| Stepping ~*~*~tactically~*~*~ (stealth).
  1693 | D:3      | Reached XP level 4. HP: 28/28 MP: 4/4
  1737 | D:3      | Reached skill level 4 in Axes
  1819 | D:3      | Found a white marble altar of Elyvilon.
  1925 | D:3      | 1925 ||| Stepping ~*~*~tactically~*~*~ (stealth).
  1926 | D:3      | 1926 ||| Stepping ~*~*~tactically~*~*~ (stealth).
  1927 | D:3      | 1927 ||| Stepping ~*~*~tactically~*~*~ (hiding).
  1928 | D:3      | 1928 ||| Stepping ~*~*~tactically~*~*~ (hiding).
  1940 | D:3      | 1940 ||| DRINKING 2 potions of curing.
  1940 | D:3      | 1940 ||| (to cure confusion)
  1950 | D:3      | HP: 6/28 [something (2)]
  1953 | D:3      | Slain by an orc wizard

Levels and vault maps discovered:
D:1:      nzn_arrival_settlement, layout_basic,
          shapermc_ecumenical_altar_acropolis, minmay_distorted
D:2:      layout_rooms, basic_altar, minivault_14
D:3:      layout_basic, mainiacjoe_overflow_surrounded_room,
          gammafunk_ghost_nasty_kobolds

Skill      XL: |  1  2  3  4 |
---------------+-------------+-----
Axes           | 2 3 4 |  4.4
Fighting       | |  3.2
Armour         | |  3.2
Shields        | |  3.2

Action                   |  1- 3 |  4- 6 || total
-------------------------+-------+-------++-------
Melee: War axe           |    95 |    42 ||   137
Throw: Boomerang         |    32 |    10 ||    42
  Use: Scroll            |     6 |       ||     6
       Potion            |     1 |     1 ||     2
Armor: Scale mail        |    44 |    24 ||    68
Dodge: Dodged            |    51 |    18 ||    69
Block: Buckler           |    13 |     8 ||    21

Table legend:
 A = Non-vault XP
 B = Vault XP
 C = Vault XP percentage of total XP
 D = Non-vault monster count
 E = Vault monster count
 F = Vault count percentage of total count
                 A         B        C        D         E       F
            +---------+---------+-------+---------+---------+-------
      Total |     143 |       4 |   2.7 |      50 |       2 |   3.8
            +---------+---------+-------+---------+---------+-------
        D:1 |      31 |       4 |  11.4 |      17 |       2 |  10.5
        D:2 |      38 |       0 |   0.0 |      16 |       0 |   0.0
        D:3 |      74 |       0 |   0.0 |      17 |       0 |   0.0
            +---------+---------+-------+---------+---------+-------
